 Seeded DCSS version 0.30.0-5-g1a98f26d00 (webtiles) character file.

Game seed: 20230508 (custom seed)

102 Kazon the Conjurer (level 5, 0/36 HPs)
             Began as a Human Conjurer on May 8, 2023.
             Slain by a black bear (7 damage)
             ... on level 3 of the Dungeon.
             The game lasted 00:13:48 (1941 turns).

Kazon the Conjurer (Human Conjurer)                 Turns: 1941, Time: 00:13:49

Health: 0/36       AC:  6    Str: 10    XL:     5   Next: 6%
Magic:  15/18      EV: 12    Int: 18    God:
Gold:   165        SH:  0    Dex: 11    Spells: 5/9 levels left

rFire   . . .        e - +0 dagger (vamp)
rCold   . . .        (no shield)
rNeg    . . .        a - +0 robe
rPois   .            m - +2 helmet
rElec   .            (no cloak)
rCorr   .            (no gloves)
SInv    .            l - +0 pair of boots
Will    .....        (no amulet)
Stlth   ++           n - ring of magical power
HPRegen 0.26/turn    (no ring)
MPRegen 0.16/turn

%: no passive effects
@: no status effects
A: no striking features
a: no special abilities


You were on level 3 of the Dungeon.
You visited 1 branch of the dungeon, and saw 3 of its levels.

You collected 165 gold pieces.

Inventory:

Hand Weapons
 e - a +0 vampiric dagger (weapon)
Missiles
 g - 20 stones
Armour
 a - a +0 robe (worn)
 k - a +0 scale mail
 l - a +0 pair of boots (worn)
 m - a +2 helmet (worn)
Jewellery
 n - a ring of magical power (left hand)
Scrolls
 c - a scroll of immolation {unknown}
 d - 2 scrolls of noise {unknown}
 f - 3 scrolls of enchant weapon {unknown}
 i - a scroll of fear {unknown}
 j - a scroll of fog {unknown}
Potions
 b - a potion of magic
 h - a potion of haste {unknown}


   Skills:
 + Level 0.7 Fighting
 + Level 0.9 Short Blades
 + Level 0.1 Maces & Flails
 + Level 0.5 Throwing
 + Level 0.4 Armour
 + Level 2.4 Dodging
 + Level 2.3 Stealth
 + Level 2.7 Spellcasting
 + Level 4.7 Conjurations


You had 5 spell levels left.
You knew the following spells:

 Your Spells              Type           Power      Damage    Failure   Level
a - Magic Dart            Conj           76%        1d6       2%          1
b - Searing Ray           Conj           38%        2d5       3%          2
c - Beastly Appendage     Tmut           4%         N/A       17%         1

Your spell library contained the following spells:

 Spells                   Type           Power      Damage    Failure   Level
 Dazzling Flash           Conj/Hex       20%        N/A       19%         3
 Wereblood                Tmut           2%         N/A       26%         2
 Spider Form              Tmut/Pois      2%         N/A       45%         3
 Fulminant Prism          Conj/Hex       5%         3d7       54%         4
 Iskenderun's Mystic Bla  Conj/Tloc      10%        2d4       54%         4


Dungeon Overview and Level Annotations

Branches:
Dungeon (3/15)

Altars:


Message History

You closely miss the black bear.
The black bear is heavily wounded.
The black bear bites you! The black bear misses you. x2
You hit the black bear.
You feel better.
The black bear is heavily wounded.
The black bear bites you but does no damage.
The black bear barely misses you. The black bear claws you.
You hit the black bear.
You feel better.
The black bear is severely wounded.
The black bear bites you but does no damage.
The black bear claws you but does no damage.
The black bear misses you.
You closely miss the black bear.
The black bear is severely wounded.
The black bear completely misses you. The black bear barely misses you.
The black bear claws you but does no damage.
You hit the black bear.
You feel better.
The black bear is severely wounded.
The black bear goes berserk!
You hit the black bear.
You feel better.
The black bear is almost dead.
The black bear barely misses you. The black bear closely misses you.
The black bear barely misses you.
You closely miss the black bear.
The black bear is almost dead.
The black bear bites you but does no damage.
The black bear claws you. The black bear closely misses you.
The black bear barely misses you. The black bear closely misses you.
The black bear claws you.
You hit the black bear but do no damage.
The black bear is almost dead.
The black bear bites you.
* * * LOW HITPOINT WARNING * * *
The black bear claws you.
* * * LOW HITPOINT WARNING * * *
The black bear claws you but does no damage.
You hit the black bear.
The black bear is almost dead.
The black bear bites you!
You die...

#######.......#... #
#.###...#### #. #†#
#...#... ###.# #.#
##..#...
#....#######.####......
#..J.'.#...........###'
#....#.#.###...........
#....#h#.# #######.###.
#....#@#.# #...........
#....#.#.###.#####.###.
#....#.#.#...# #.# ##
#....#.#.#.### #.####
#....#.#.#.#######.##..
#########....)........##..
#......##.###.........##..
#......##.# #.........##.[
#......##'###.........#...


You could see a black bear (berserk).

Vanquished Creatures
  Terence (D:2)
  Robin (D:2)
  3 dart slugs
  5 ball pythons
  5 endoplasms
  2 giant cockroaches (D:1)
  9 goblins
  9 hobgoblins
  2 jackals (D:1)
  A kobold (D:3)
  2 quokkas (D:1)
  5 bats
  2 frilled lizards (D:1)
  8 rats
55 creatures vanquished.

Notes
Turn   | Place    | Note
-------+----------+-------------------------------------------
     0 | D:1      | Kazon the Human Conjurer began the quest for the Orb.
     0 | D:1      | Reached XP level 1. HP: 13/13 MP: 3/3
   275 | D:1      | Reached XP level 2. HP: 19/19 MP: 0/5
   413 | D:1      | Learned a level 2 spell: Searing Ray
   503 | D:1      | Reached XP level 3. HP: 24/24 MP: 0/6
   865 | D:2      | Noticed Terence
   897 | D:2      | HP: 1/24 [Terence/+0 flail (12)]
   898 | D:2      | Killed Terence
   899 | D:2      | Reached XP level 4. HP: 1/31 MP: 0/7
  1193 | D:2      | Noticed Robin
  1482 | D:2      | Killed Robin
  1568 | D:2      | Learned a level 1 spell: Beastly Appendage
  1662 | D:3      | Reached XP level 5. HP: 36/36 MP: 9/9
  1923 | D:3      | Noticed a black bear
  1941 | D:3      | Slain by a black bear

Illustrated notes

Levels and vault maps discovered:
D:1:      lordsloth_arrival_two_stooges, layout_rooms, serial_forest,
          infiniplex_forest_straight_1, infiniplex_forest_diagonal,
          infiniplex_forest_clump_medium, infiniplex_forest_end_3,
          infiniplex_forest_lined_room_2, infiniplex_forest_lined_4_way,
          infiniplex_forest_lined_room_2
D:2:      layout_rooms, uniq_terence, uniq_robin
D:3:      layout_basic, minmay_gold_behind_fungi

Action                     |  1- 3 |  4- 6 || total
---------------------------+-------+-------++-------
  Melee: Whip              |     7 |       ||     7
         Dagger            |    35 |   116 ||   151
         Punch             |     1 |     1 ||     2
         Kick              |       |     2 ||     2
         Headbutt          |       |     1 ||     1
  Throw: Stone             |    12 |       ||    12
   Cast: Magic Dart        |    39 |    20 ||    59
         Searing Ray       |     1 |     1 ||     2
         Beastly Appendage |       |     2 ||     2
   Stab: Sleeping          |     1 |     1 ||     2
 Armour: Robe              |    18 |    15 ||    33
         Scale mail        |       |    44 ||    44
  Dodge: Dodged            |    41 |    75 ||   116
